AoeStats
← ThermalExtabyte

MegaRandom

507377020Analyzed
2v2 RM · 1mo ago on Sep 17, 2026· 29m 52s· 4 players
Game mode
Random Map
Map size
Medium (4 player)
Population
200
Speed
Normal
Resources
Standard
Victory
Conquest
Starting age
Dark Age
Ending age
Imperial Age
RankedLock teamsTeams togetherTeam positionsShared explorationLock speedFull tech treeHidden civsTurbo modeCheats
Victory
Defeat
🇺🇸 Celts · United States
1044
+12
🇨🇦 Vikings · Canada
982
+13
vs
🇨🇱 Magyars · Chile
952
-39
🇨🇱 Sicilians · Chile
934
-32
Such_A_Noob
2:09 Loom
12:55 Feudal Age
14:27 Man-at-Arms
18:00 Scale Mail Armor
18:11 Forging
22:18 Castle Age
21:48 Fletching
21:56 Stone Mining
GoodNightSweetPrince
5:54 Loom
12:00 Feudal Age
12:27 Man-at-Arms
13:42 Arson
17:32 Forging
17:46 Scale Mail Armor
27:07 Castle Age
28:11 Gold Mining
Kabewski
1:03 Loom
12:31 Feudal Age
ThermalExtabyte
8:58 Loom
12:24 Feudal Age
19:44 Castle Age
19:17 Scale Mail Armor
20:16 Bloodlines
24:47 Double-Bit Axe
26:08 Stone Mining
28:14 Husbandry
Connection lost

Rejoining the realm…

Still unreachable

The connection could not be restored.

Session expired

The server has moved on; the page needs a fresh start.